 Dungeon Crawl Stone Soup version 0.32-a0-765-gfba4d74c8c (webtiles) character file.

Game seed: 9662006657415299632

1881 GordonOverkill the Cleaver (level 8, -2/60 HPs)
             Began as a Demonspawn Delver on Mar 18, 2024.
             Was a Priest of Trog.
             Succumbed to a gnoll sergeant's poison
             ... on level 6 of the Dungeon.
             The game lasted 00:12:58 (6918 turns).

GordonOverkill the Cleaver (Demonspawn Delver)      Turns: 6918, Time: 00:12:59

Health: -2/60      AC: 11    Str: 15    XL:     8   Next: 91%
Magic:  8/8        EV:  6    Int: 13    God:    Trog [***...]
Gold:   140        SH:  0    Dex: 15    Spells: 7/7 levels left

rFire   . . .        L - +7 war axe of Parsimonious Courage {freeze, rN+ Int+3}
rCold   . . .        (no shield)
rNeg    + . .        i - +0 chain mail
rPois   .            h - +0 helmet
rElec   .            (no cloak)
rCorr   .            g - +0 pair of gloves
SInv    .            z - +0 pair of boots
Will    .....        (no amulet) Stlth
                     (no ring)
HPRegen 0.30/turn    (no ring)
MPRegen 0.11/turn

%: no passive effects
@: lethally poisoned (-2 -> -21), on berserk cooldown, slowed, wreathed by
umbra, very slow
A: demonic touch 2, foul shadow 2
a: Renounce Religion, Berserk, Trog's Hand


You were on level 6 of the Dungeon.
You worshipped Trog.
Trog was most pleased with you.
You visited 1 branch of the dungeon, and saw 7 of its levels.
You also visited: Sewer.

You collected 429 gold pieces.
You spent 289 gold pieces at shops.

Inventory:

Hand Weapons
 a - a +0 hand axe
 o - a +0 morningstar
 B - a +4 whip
 D - a +2 flail of venom
 L - the +7 war axe of Parsimonious Courage (weapon) {freeze, rN+ Int+3}
   (You bought it in a shop on level 5 of the Dungeon)

   Int+3:     It affects your intelligence (+3).
   rN+:       It protects you from negative energy.
Missiles
 r - 29 poisoned darts (quivered)
Armour
 g - a +0 pair of gloves (worn)
 h - a +0 helmet (worn)
 i - a +0 chain mail (worn)
 z - a +0 pair of boots (worn)
Jewellery
 q - a ring of magical power
 A - an amulet of guardian spirit
 H - a ring of flight
 K - an amulet of the acrobat
Wands
 J - a wand of flame (54)
Scrolls
 b - 5 scrolls of identify {unknown}
 c - 2 scrolls of fog
 e - 5 scrolls of fear
 j - 3 scrolls of teleportation {unknown}
 k - 4 scrolls of enchant weapon {unknown}
 m - 2 scrolls of butterflies {unknown}
 p - a scroll of torment {unknown}
 t - 3 scrolls of enchant armour {unknown}
 v - a scroll of amnesia {unknown}
 x - 2 scrolls of vulnerability {unknown}
 y - a scroll of blinking {unknown}
 E - 3 scrolls of poison {unknown}
 I - 2 scrolls of immolation {unknown}
Potions
 d - 2 potions of might {unknown}
 f - 3 potions of haste
 l - 4 potions of heal wounds {unknown}
 n - 2 potions of resistance {unknown}
 s - a potion of ambrosia {unknown}
 u - 2 potions of enlightenment {unknown}
 w - a potion of mutation {unknown}
 C - 2 potions of curing {unknown}
 F - 2 potions of invisibility {unknown}
 G - 2 potions of brilliance {unknown}
 M - 2 potions of attraction {unknown}
 N - a potion of cancellation {unknown}


   Skills:
 - Level 4.0 Fighting
 + Level 8.2(9.1) Axes
 - Level 6.3(8.2) Maces & Flails
 - Level 1.0 Throwing
 - Level 1.7 Dodging
 - Level 4.5 Stealth


You had 7 spell levels left.
You didn't know any spells.
Your spell library contained the following spells:

 Spells                   Type           Power      Damage    Failure   Level
 Kiss of Death            Conj/Necr      0%         2d5       99%         1
 Magic Dart               Conj           0%         1d3       99%         1
 Blink                    Tloc           0%         N/A       100%        2
 Call Imp                 Summ           0%         N/A       100%        2
 Lesser Beckoning         Tloc           0%         N/A       100%        2
 Momentum Strike          Conj/Tloc      0%         3d8       100%        2
 Confusing Touch          Hex            0%         N/A       100%        3
 Fugue of the Fallen      Necr           0%         N/A       100%        3
 Ozocubu's Armour         Ice            0%         N/A       100%        3
 Dispel Undead            Necr           0%         3d6       100%        4
 Manifold Assault         Tloc           0%         N/A       100%        4


Dungeon Overview and Level Annotations

Branches:
Dungeon (7/15)             Temple (0/1) D:4           Sewer (visited)

Altars:
Cheibriados
Hepliaklqana
Kikubaaqudgha
Makhleb
Nemelex Xobeh
Ru
Sif Muna
Trog
Vehumet
Wu Jian
Xom

Shops:
D:3 *   D:5 ([


Innate Abilities, Weirdness & Mutations

Your touch may inflict irresistible damage on your foes.
You are shadowed, sometimes releasing foul flame when damaged in melee.


Message History

You feel extremely sick. The hound bites you.
* * * LOW HITPOINT WARNING * * *
The hound is seared by the foul flame within you.
The hound is lightly wounded.
The gnoll sergeant closely misses you.
You slash the hound! You freeze the hound.
The hound is almost dead.
* * * LOW HITPOINT WARNING * * *
You feel extremely sick. The hound bites you but does no damage.
The gnoll hits you but does no damage.
The gnoll sergeant hits you but does no damage.
You are lethally poisoned!
The hound bites you but does no damage.
You closely miss the hound.
You touch the hound.
You kill the hound!
Trog accepts your kill.
You closely miss the gnoll bouda.
* * * LOW HITPOINT WARNING * * *
You feel extremely sick.
A white imp comes into view.
The gnoll bouda closely misses you. The gnoll barely misses you.
The gnoll hits you but does no damage.
* * * LOW HITPOINT WARNING * * *
You feel very sick.
The gnoll bouda attacks as it pursues you!
The gnoll bouda hits you with a +0 club.
* * * LOW HITPOINT WARNING * * *
You feel a strong urge to attack something.
* * * LOW HITPOINT WARNING * * *
You feel very sick.
There is a stone staircase leading up here.
You are no longer berserk.
You are exhausted.
You feel yourself slow down.
* * * LOW HITPOINT WARNING * * *
You feel very sick.
You climb upwards.
Reactivating autopickup.
You die...

.§........#...#................##
§..................##........####
§..........##.................##.
≈§..........#..................#.
≈........##...[[.................
≈.......####..).............#.#..
≈.......##.#.................##..
≈..........)....[.........##.....
≈...##...>...###@.........##.....
≈.....#.......##..............÷.#
............#........[..###.....#
............#........>...##.....#
.....##.[...##........##.#.....##
......#......#........#..#.....##
................................#
.##.........#....##.............#
.#........#....))...............#


There were no monsters in sight!

Vanquished Creatures
  Edmund (D:4)
  An ogre (D:5)
  A phantom (D:6)
  3 scorpions (D:5)
  A killer bee (D:7)
  4 electric eels (D:6)
  2 bombardier beetles
  A hound (D:7)
  2 jellies
  5 orc priests
  3 gnoll boudas
  An iguana (D:4)
  A sleepcap (D:5)
  Natasha (thrice) (D:4)
  5 orc wizards
  A mummy (D:6)
  29 gnolls
  13 adders
  A white imp (D:6)
  5 dart slugs
  2 ribbon worms (D:2)
  19 orcs
  4 bats
  8 endoplasms
  5 giant cockroaches
  3 goblins
  5 hobgoblins
  7 jackals
  39 kobolds
  8 quokkas
  11 ball pythons
  8 frilled lizards
  A hobgoblin zombie (D:6)
  A kobold zombie (D:6)
  2 orc zombies (D:6)
  6 rats
212 creatures vanquished.

Notes
Turn   | Place    | Note
-------+----------+-------------------------------------------
     0 | D:5      | GordonOverkill the Demonspawn Delver began the quest for
                  | the Orb.
     0 | D:5      | Reached XP level 1. HP: 18/18 MP: 1/1
     1 | D:6      | Noticed an orc wizard
    67 | D:5      | Reached skill level 2 in Axes
    67 | D:5      | Gained mutation: You are faintly shadowed, very rarely
                  | releasing foul flame when damaged in melee. [demonic
                  | ancestry]
    67 | D:5      | Reached XP level 2. HP: 14/24 MP: 2/2
   263 | D:5      | Found Moytz's Antique Weapon Shoppe.
   395 | D:6      | Found a glowing drain.
   459 | Sewer    | Entered a sewer
   496 | Sewer    | Noticed Pargi
   568 | Sewer    | Reached skill level 3 in Axes
   642 | Sewer    | Noticed a brain worm
   775 | D:6      | Noticed a phantom
   877 | D:5      | Noticed an ogre
   955 | D:5      | Gained mutation: Your touch may inflict minor irresistible
                  | damage on your foes. [demonic ancestry]
   955 | D:5      | Reached XP level 3. HP: 16/29 MP: 3/3
  1105 | D:4      | Reached XP level 4. HP: 10/35 MP: 4/4
  1241 | D:4      | Reached skill level 4 in Axes
  1334 | D:4      | Reached skill level 1 in Throwing
  1837 | D:1      | Found a faded altar of an unknown god.
  2247 | D:1      | Gained mutation: Your touch may inflict irresistible damage
                  | on your foes. [demonic ancestry]
  2247 | D:1      | Reached XP level 5. HP: 42/42 MP: 5/5
  3495 | D:3      | Found a burning altar of Makhleb.
  3498 | D:3      | Found a sparkling altar of Nemelex Xobeh.
  3504 | D:3      | Found a snail-covered altar of Cheibriados.
  3506 | D:3      | Found a sacrificial altar of Ru.
  3509 | D:3      | Found a shimmering blue altar of Sif Muna.
  3509 | D:3      | Found an ancient bone altar of Kikubaaqudgha.
  3517 | D:3      | Found a bloodstained altar of Trog.
  3518 | D:3      | Found an ornate altar of the Wu Jian Council.
  3522 | D:3      | Reached skill level 1 in Maces & Flails
  3535 | D:3      | Became a worshipper of Trog the Wrathful
  3669 | D:3      | Found a radiant altar of Vehumet.
  3865 | D:3      | Found Moak's Assorted Antiques.
  3875 | D:3      | Bought a scroll labelled WUITHR NEOG for 23 gold pieces
  3875 | D:3      | Bought an amethyst potion for 20 gold pieces
  4064 | D:4      | Reached XP level 6. HP: 47/48 MP: 6/6
  4104 | D:4      | Found a staircase to the Ecumenical Temple.
  4112 | D:4      | Noticed Natasha
  4124 | D:4      | Killed Natasha
  4276 | D:4      | Noticed Natasha
  4285 | D:4      | Killed Natasha
  4354 | D:4      | Noticed Natasha
  4359 | D:4      | Killed Natasha
  4432 | D:4      | Noticed Edmund
  4451 | D:4      | Killed Edmund
  4452 | D:4      | Gained mutation: You are shadowed, sometimes releasing foul
                  | flame when damaged in melee. [demonic ancestry]
  4452 | D:4      | Reached XP level 7. HP: 35/54 MP: 4/7
  4473 | D:4      | Reached * piety under Trog
  4672 | D:4      | Found a hazy altar of Hepliaklqana.
  4853 | D:5      | Reached skill level 5 in Maces & Flails
  4956 | D:5      | Found Iskojed's Armour Shop.
  5500 | D:5      | Bought a slimy war axe for 246 gold pieces
  5500 | D:5      | Identified the +7 war axe of Parsimonious Courage {freeze,
                  | rN+ Int+3} (You bought it in a shop on level 5 of the
                  | Dungeon)
  5524 | D:6      | Reached skill level 5 in Axes
  5524 | D:6      | Reached XP level 8. HP: 59/60 MP: 8/8
  5645 | D:6      | Found a shimmering altar of Xom.
  5697 | D:6      | Reached skill level 6 in Axes
  6030 | D:6      | Reached ** piety under Trog
  6156 | D:6      | Reached skill level 7 in Axes
  6605 | D:6      | Reached *** piety under Trog
  6910 | D:7      | Reached skill level 8 in Axes
  6918 | D:6      | Succumbed to a gnoll sergeant's poison

Illustrated notes

Levels and vault maps discovered:
D:1:      dpeg_arrival_erosion, layout_basic, dreamdust_ecumenical_altar_grove
D:2:      layout_basic
D:3:      layout_basic, mainiacjoe_overflow_alcove_1,
          nicolae_overflow_hallway_of_the_gods, serial_shops, shop,
          kennysheep_generic_room_7
D:4:      layout_basic, nicolae_hepliaklqana_hippocampus,
          minmay_temple_entry_ruins, uniq_natasha, uniq_edmund
D:5:      layout_basic, serial_shops, nicolae_shop_rolling_square,
          nicolae_shop_real_fake_doors
D:6:      minmay_goblin_kobold_castle, layout_cave_pools,
          mainiacjoe_overflow_concentric_impassable, portal_sewer_entry_f,
          minmay_mini_ossuary
D:7:      layout_cave_pools, minmay_chambers_of_fives, uniq_crazy_yiuf_cottage,
          uniq_joseph

Skill      XL: |  1  2  3  4  5  6  7  8 |
---------------+-------------------------+-----
Axes           | 2 3 4 5 8 |  8.2
Throwing       | 1 |  1.0
Fighting       | 4 |  4.0
Maces & Flails | 1 4 6 |  6.3
Dodging        | |  1.7
Stealth        | |  4.5

Action                     |  1- 3 |  4- 6 |  7- 9 || total
---------------------------+-------+-------+-------++-------
  Melee: Hand axe          |    89 |   103 |       ||   192
         Touch             |     1 |    29 |    21 ||    51
         Flail             |       |    75 |    21 ||    96
         Whip              |       |    18 |       ||    18
         War axe           |       |       |   123 ||   123
 Invoke: Berserk           |       |       |     8 ||     8
  Evoke: Wand              |     3 |       |     9 ||    12
    Use: Scroll            |     1 |       |       ||     1
         Potion            |     1 |       |       ||     1
   Stab: Sleeping          |     1 |    12 |       ||    13
 Armour: Leather armour    |    67 |    36 |       ||   103
         Chain mail        |       |   115 |   162 ||   277
  Dodge: Dodged            |    65 |    88 |    46 ||   199

Table legend: (Time is in decaauts)
 A = Elapsed time spent in this place.
 B = Non-inter-level travel time spent in this place.
 C = Inter-level travel time spent in this place.
 D = Time resting spent in this place.
 E = Time spent auto-exploring this place.
 F = Levels seen in this place.
 G = Mean time per level.
                   A        B        C        D        E       F      G
               +--------+--------+--------+--------+--------+-----+--------+
         Total |   7092 |   6849 |    243 |   1227 |   3532 |   8 |  886.5 |
       Dungeon |   6758 |   6515 |    243 |   1168 |   3532 |   7 |  965.4 |
         Sewer |    334 |    334 |      0 |     59 |      0 |   1 |  334.0 |
               +--------+--------+--------+--------+--------+-----+--------+

Top non-repeatable levels by time:
     D:6: 1693 daAuts
     D:4: 1327 daAuts
     D:5: 1164 daAuts
     D:1: 892 daAuts
     D:2: 830 daAuts
     D:3: 828 daAuts
   Sewer: 334 daAuts
     D:7: 20 daAuts
